 Dungeon Crawl Stone Soup version 0.18.1-48-g4cf74bf (console) character file.

6668 Kloppie the Fighter (level 11, -3/72 HPs)
             Began as a Gargoyle Fighter on June 26, 2016.
             Was an Elder of Makhleb.
             Splashed by a brown ugly thing's acid (7 damage)
             ... on level 11 of the Dungeon.
             The game lasted 00:15:18 (7529 turns).

Kloppie the Fighter (Gargoyle Fighter)              Turns: 7529, Time: 00:15:18

Health: -3/72      AC:  6    Str: 20    XL:     11   Next: 3%
Magic:  11/11      EV:  9    Int:  9    God:    Makhleb [****..]
Gold:   456        SH: 12    Dex: 12    Spells: 0 memorised, 10 levels left

rFire  + . .     SeeInvis .     a - +0 flail
rCold  . . .     Gourm    .     w - +0 ring mail of Ehomeu {rN+ Regen+ Slay+2}
rNeg   + + .     Faith    .     c - +1 shield
rPois  ∞         Spirit   .     (no helmet)
rElec  +         Dismiss  .     (no cloak)
rCorr  .         Reflect  .     (no gloves)
SustAt .         Harm     .     (no boots)
MR     .....                    (no amulet)
Stlth  ++........               C - ring of stealth
                                d - ring of protection from fire

@: corroded, not resistant to hostile enchantments, unstealthy
A: negative energy resistance 1, electricity resistance, unbreathing,
petrification resistance, rot immunity, AC +7
a: Minor Destruction, Lesser Servant of Makhleb, Major Destruction, Renounce
Religion


You were on level 11 of the Dungeon.
You worshipped Makhleb.
Makhleb was greatly pleased with you.
You were not hungry.

You visited 3 branches of the dungeon, and saw 14 of its levels.
You also visited: Sewer.

You collected 456 gold pieces.

Inventory:

Hand Weapons
 a - a +0 flail (weapon)
 x - a +0 morningstar of draining
Armour
 c - a +1 shield (worn)
 w - the +0 ring mail of Ehomeu (worn) {rN+ Regen+ Slay+2}
   (You found it on level 4 of the Dungeon)

   It affects your accuracy and damage with ranged weapons and melee attacks
   (+2).
   It protects you from negative energy.
   It increases your rate of regeneration.
Jewellery
 d - a ring of protection from fire (left hand)
 m - an uncursed ring of magical power
 t - a +3 ring of dexterity
 C - a ring of stealth (right hand)
Wands
 h - a wand of heal wounds (3/9)
 q - a wand of enslavement (12/24)
 y - a wand of lightning (7/15)
 G - a wand of acid (0/15)
Scrolls
 e - 4 scrolls of teleportation
 l - 4 scrolls of amnesia
 n - a scroll of recharging
 o - a scroll of fear
 p - 3 scrolls of enchant armour
 r - 6 scrolls of remove curse
 v - 3 scrolls of fog
Potions
 g - 2 potions of resistance
 i - 3 potions of mutation
 k - 6 potions of flight
 s - 2 potions of cure mutation
 u - 3 potions of curing
 A - a potion of brilliance
 D - a potion of ambrosia
 E - a potion of degeneration {unknown}
 H - a potion of haste
Comestibles
 b - 5 chunks of flesh
 f - 8 bread rations
 j - 6 meat rations
 z - 3 fruits
 B - a beef jerky
 I - a slice of pizza


   Skills:
 + Level 9.7 Fighting
 + Level 8.4 Maces & Flails
 + Level 9.6 Armour
 + Level 9.6 Shields


You had 10 spell levels left.
You didn't know any spells.

Dungeon Overview and Level Annotations

Branches:
Dungeon (12/15)            Temple (1/1) D:4            Lair (1/8) D:8
    Orc: D:9-12

Altars:
Ashenzari
Cheibriados
Dithmenos
Elyvilon
Fedhas
Gozag
Kikubaaqudgha
Makhleb
Nemelex Xobeh
Okawaru
Pakellas
Qazlal
Ru
Sif Muna
Trog
Vehumet
Xom
Yredelemnul
Zin
The Shining One

Shops:
D:8 :

Annotations:
D:12 1 runed door
Lair:1 Nergalle


Innate Abilities, Weirdness & Mutations

You are resistant to torment.
Your stone body is resilient (AC +7).
You are immune to poison.
You resist negative energy.
You are resistant to electric shocks.
You can survive without breathing.
You are immune to petrification.
You are immune to rotting.


Message History

You block the brown ugly thing's attack.
You closely miss the brown ugly thing.
The brown ugly thing is moderately wounded.
The brown ugly thing gores you!
* * * LOW HITPOINT WARNING * * *
You are splashed with acid!
The acid burns!
* * * LOW HITPOINT WARNING * * *
The brown ugly thing gores you!
* * * LOW HITPOINT WARNING * * *
You are splashed with acid!
The acid burns!
* * * LOW HITPOINT WARNING * * *
You closely miss the brown ugly thing.
The brown ugly thing is moderately wounded.
The brown ugly thing gores you but does no damage.
You closely miss the brown ugly thing.
The brown ugly thing is moderately wounded.
The brown ugly thing gores you.
* * * LOW HITPOINT WARNING * * *
You are splashed with acid!
The acid burns!
You die...

#. #..
#...
#....
#.....
#......
##>......
#@.......
##u......
#......
#.....
#....
#... #..
#.


You could see a brown ugly thing.

Vanquished Creatures
  A hill giant (D:10)
  A cyclops (D:9)
  Psyche (D:10)
  A two-headed ogre (D:8)
  A hippogriff (D:4)
  A wraith (D:9)
  A hungry ghost (D:6)
  A soldier ant (D:7)
  5 ice beasts
  Purgy (Sewer)
  3 orc warriors
  A sky beast (D:9)
  2 necrophages
  4 phantoms
  5 ogres
  3 centaurs
  2 crocodiles
  A big kobold (D:8)
  6 giant frogs
  A wyvern zombie (D:9)
  3 scorpions
  8 wights
  3 howler monkeys (D:8)
  The ghost of Groucho the Shield-Bearer, a weakling GrFi (D:3)
  3 crimson imps
  A quasit (D:7)
  A giant frog zombie (D:4)
  6 hounds
  6 jellies
  4 orc priests
  4 orc wizards
  A centaur skeleton (D:4)
  A giant frog skeleton (D:7)
  2 iguanas
  7 worker ants
  A hound skeleton (D:8)
  A hound zombie (D:9)
  2 worker ant zombies
  A howler monkey skeleton (D:9)
  2 howler monkey zombies
  9 adders
  7 gnolls
  2 shadow imps
  An ooze (D:1)
  An adder skeleton (D:4)
  A worm (D:2)
  10 giant geckos
  20 orcs
  17 bats
  8 giant cockroaches
  4 goblins
  5 hobgoblins
  17 jackals
  5 ball pythons
  6 giant newts
  11 kobolds
  A quokka skeleton (D:7)
  8 rats
  A fungus (D:8)
234 creatures vanquished.

Vanquished Creatures (others)
  A fungus (D:8)
1 creature vanquished.

Grand Total: 235 creatures vanquished

Notes
Turn   | Place    | Note
--------------------------------------------------------------
     0 | D:1      | Kloppie the Gargoyle Fighter began the quest for the Orb.
     0 | D:1      | Reached XP level 1. HP: 14/14 MP: 1/1
   167 | D:1      | Reached XP level 2. HP: 18/19 MP: 2/2
  1056 | D:2      | Reached XP level 3. HP: 23/23 MP: 3/3
  1565 | D:2      | Reached XP level 4. HP: 29/29 MP: 4/4
  1806 | D:3      | Noticed Groucho's ghost (weakling GrFi)
  1841 | D:3      | Killed Groucho's ghost
  1841 | D:3      | Reached XP level 5. HP: 27/34 MP: 5/5
  1950 | D:3      | Found a faded altar to an unknown god.
  2750 | D:4      | Found an opulent altar of Gozag.
  2761 | D:4      | Reached XP level 6. HP: 20/40 MP: 6/6
  3048 | D:4      | Got a faintly humming ring mail
  3059 | D:4      | Identified the cursed +0 ring mail of Ehomeu {rN+ Regen+ Slay+2} (You found it on level 4 of the Dungeon)
  3165 | D:4      | Found a staircase to the Ecumenical Temple.
  3179 | D:4      | Reached skill level 5 in Fighting
  3179 | D:4      | Reached skill level 5 in Armour
  3181 | Temple   | Entered the Ecumenical Temple
  3256 | Temple   | Became a worshipper of Makhleb the Destroyer
  3274 | D:4      | Noticed a phantom
  3283 | D:4      | Killed a phantom
  3283 | D:4      | Reached skill level 5 in Shields
  3283 | D:4      | Reached XP level 7. HP: 36/44 MP: 7/7
  3290 | D:4      | Found a white marble altar of Elyvilon.
  3485 | D:4      | Noticed a hippogriff
  3497 | D:4      | Killed a hippogriff
  3619 | D:5      | Entered Level 5 of the Dungeon
  3751 | D:5      | Found a glowing drain.
  3756 | D:5      | Reached * piety under Makhleb
  3765 | D:5      | Reached XP level 8. HP: 51/51 MP: 8/8
  3772 | Sewer    | Entered a sewer
  3862 | Sewer    | Noticed Purgy
  3892 | Sewer    | Killed Purgy
  4057 | D:5      | Reached skill level 5 in Maces & Flails
  4622 | D:6      | Reached XP level 9. HP: 57/57 MP: 9/9
  4665 | D:6      | Reached ** piety under Makhleb
  4817 | D:6      | Found an oddly glowing altar of Pakellas.
  5381 | D:7      | Found a deep blue altar of Sif Muna.
  5591 | D:8      | Found Cuadworchela's Book Emporium.
  5603 | D:8      | Found a staircase to the Lair.
  5670 | D:8      | Reached *** piety under Makhleb
  6012 | D:8      | Noticed a two-headed ogre
  6021 | D:8      | Killed a two-headed ogre
  6021 | D:8      | Reached XP level 10. HP: 58/65 MP: 10/10
  6359 | Lair:1   | Entered Level 1 of the Lair of Beasts
  6359 | Lair:1   | Noticed Nergalle
  6533 | D:9      | Found a stormy altar of Qazlal.
  6634 | D:9      | Reached **** piety under Makhleb
  6712 | D:9      | Noticed a cyclops
  6734 | D:9      | Killed a cyclops
  7132 | D:10     | Entered Level 10 of the Dungeon
  7149 | D:10     | Noticed Psyche
  7313 | D:10     | Noticed a hill giant
  7329 | D:10     | Killed a hill giant
  7471 | D:10     | Killed Psyche
  7471 | D:10     | Reached XP level 11. HP: 58/72 MP: 11/11
  7514 | D:10     | You fall through a shaft for 2 floors!
  7514 | D:12     | Found a runed door.
  7514 | D:12     | Noticed a brown ugly thing
  7515 | D:12     | Noticed a green ugly thing
  7516 | D:12     | Noticed a hill giant
  7529 | D:11     | Splashed by a brown ugly thing's acid

Skill      XL: |  1  2  3  4  5  6  7  8  9 10 |
---------------+-------------------------------+-----
Fighting       | 4 5 7 8 9 |  9.7
Armour         | 4 5 7 8 9 |  9.6
Shields        | 4 5 7 8 9 |  9.6
Maces & Flails | 3 4 5 6 8 |  8.4

Action                   |  1- 3 |  4- 6 |  7- 9 | 10-12 || total
-------------------------+-------+-------+-------+-------++-------
Melee: Flail             |   146 |   242 |   529 |   261 ||  1178
       Morningstar       |       |       |       |    73 ||    73
Evoke: Wand              |       |       |     2 |     4 ||     6
  Use: Potion            |       |     1 |     2 |     3 ||     6
       Scroll            |       |       |    21 |     3 ||    24
 Stab: Sleeping          |       |       |       |     3 ||     3
  Eat: Chunk             |     2 |     7 |     6 |     6 ||    21
       Bread ration      |       |       |     1 |       ||     1
       Beef jerky        |       |       |     1 |       ||     1
Armor: Scale mail        |   128 |    92 |       |       ||   220
       Ring mail         |       |    17 |   342 |   134 ||   493
Dodge: Dodged            |    81 |    65 |   255 |    79 ||   480
Block: Shield            |   116 |   155 |   455 |   186 ||   912
